 Dungeon Crawl Stone Soup version 0.16-a0-2038-g968ce0a (webtiles) character file.

305 thegroundistoosoft the Insei (level 6, -2/47 HPs)
             Began as a Mummy Monk on Nov 11, 2014.
             Slain by a gnoll
             ... wielding a +0 spear
              (4 damage)
             ... on level 4 of the Dungeon.
             The game lasted 00:18:59 (4913 turns).

thegroundistoosoft the Insei (Mummy Monk)           Turns: 4913, Time: 00:18:59

Health: -2/47      AC:  1    Str: 14    XL:     6   Next: 15%
Magic:  6/6        EV:  7    Int:  9    God:
Gold:   139        SH:  0    Dex: 16    Spells: 0 memorised, 5 levels left

rFire  x . .     SeeInvis .       - Unarmed
rCold  + . .     Clarity  .     (no armour)
rNeg   + + +     SustAb   .     (no shield)
rPois  +         Gourm    .     (no helmet)
rElec  .         Spirit   .     (no cloak)
rCorr  .         Warding  .     (no gloves)
rMut   .         Stasis   .     a - +0 pair of boots
MR     .....                    (no amulet)
Stlth  ++........               (no ring)
                                (no ring)

@: very slightly contaminated, held, not resistant to hostile enchantments,
unstealthy
A: no food or potions, fire vulnerability, restore body, cold resistance 1,
negative energy resistance 3, poison resistance, torment resistance, unbreathing
a: no special abilities


You were on level 4 of the Dungeon.
You were not hungry.

You visited 1 branch of the dungeon, and saw 4 of its levels.

You collected 139 gold pieces.


Innate Abilities, Weirdness & Mutations

You do not eat or drink.
Your flesh is vulnerable to fire.
Your flesh is cold resistant.
You are immune to negative energy.
Your system is resistant to poisons.
You are immune to unholy pain and torment.
You can survive without breathing.


   Skills:
 - Level 3.0 Fighting
 + Level 2.9 Dodging
 - Level 1.5 Stealth
 - Level 6.0 Unarmed Combat


You had 5 spell levels left.
You didn't know any spells.

Inventory:

Armour
 a - a +0 pair of boots (worn)
Jewellery
 j - an uncursed amulet of resist mutation {unknown}
Scrolls
 c - 2 scrolls of remove curse
 e - a scroll of recharging
 i - a scroll of teleportation {unknown}
Comestibles
 d - 3 fruits (quivered)

Dungeon Overview and Level Annotations

Branches:
Dungeon (4/15)             Temple (0/1) D:4

Altars:
Cheibriados
Makhleb
Qazlal
Vehumet

Annotations:
D:4 exclusion: gnoll, B1inky's ghost, average OpEn; Sigmund

****##* *,,,..*
************* *,**#.*
*,,,,,,,,,,,, *,*
#.#####,,*,,,*,,,*,
##.###.#...#_,,,,,,,,,,,
#......@.###,,*,,,*,,,*,
#.......gg.#,,,,,,,,,,,,
#.g.....##.###########**
##.###..O............###
#......................
**.#....#.s..#.#####...#
*,,..##.#.####.......#.#
*,,..,..#....s.#####P#.#
**,,,*###########***#.#.#


You could see an ogre and 3 gnolls.


Message History

You hear the rapid rusting of a drain, a long way away.
Sigmund moves out of view.
Found a scroll of identify.
An active ballistomycete comes into view.
Found 21 stones.
You hear the drain falling apart.
B1inky's ghost says, "When I snap my fingers, you will think you are a chicken."
The walls and floor vibrate strangely for a moment. 2 gnolls come into view.
The gnoll shouts!
The gnoll moves out of view.
A gnoll comes into view. It is wielding a whip.
The gnoll hits you from afar with a spear!
* * * LOW HITPOINT WARNING * * *
The gnoll hits you with a club.
* * * LOW HITPOINT WARNING * * *
Read which item? (? for menu, Esc to quit)
Okay, then.
The gnoll throws a throwing net.
The throwing net hits you.
You become entangled in the net!
You see here a throwing net {=f!d}.
Read which item? (? for menu, Esc to quit)
Okay, then.
Enter note: EXPERIENCE THE TEN THOUSAND DEATHS OF THE TRUE PHARAOH Read which item? (? for menu, Esc to quit)
As you read the scroll labeled CRYMMACHEHIY, it crumbles to dust.
You feel aware of your surroundings.
You sensed 2 altars.
It was a scroll of magic mapping.
The gnoll hits you but does no damage.
The gnoll hits you from afar with a spear.
You die...

Action                   |  1- 3 |  4- 6 || total
-------------------------+-------+-------++-------
Melee: Unarmed           |   120 |   267 ||   387
  Use: Scroll            |       |     8 ||     8
 Stab: Sleeping          |     6 |     1 ||     7

Vault maps used:
D:1:      minmay_arrival_cross, grunt_decor_one_mirror
D:2:      lemuel_doored_altar, cheibriados_altar_1
D:3:      demons_altar, old_standard_altar, first_bread, minmay_lizard_king
D:4:      erik_ogre, kennysheep_mini, lemuel_coloured_pillars_altar,
          minmay_temple_entry_hall, gup_sewer_entry_glass, uniq_sigmund,
          uniq_menkaure

Notes
Turn   | Place    | Note
--------------------------------------------------------------
     0 | D:1      | thegroundistoosoft, the Mummy Monk, began the quest for the Orb.
     0 | D:1      | Reached XP level 1. HP: 18/18 MP: 1/1
   560 | D:1      | Reached XP level 2. HP: 14/24 MP: 2/2
   850 | D:1      | Reached skill level 4 in Unarmed Combat
  1273 | D:1      | Reached XP level 3. HP: 14/29 MP: 3/3
  1898 | D:2      | Found a stormy altar of Qazlal.
  1936 | D:2      | Reached XP level 4. HP: 21/35 MP: 4/4
  2249 | D:2      | Found a snail-covered altar of Cheibriados.
  2357 | D:2      | THE MUMMY MONK BOWS BEFORE NO SNAIL
  2993 | D:3      | Reached skill level 5 in Unarmed Combat
  3289 | D:3      | Found a radiant altar of Vehumet.
  3365 | D:3      | Artagel: engage the tryhard
  3365 | D:3      | winners don't take drugs
  3365 | D:3      | Artagel: kill the dudes
  3442 | D:3      | thegroundistoosoft: ate two whole gnolls in D: 1
  3462 | D:3      | Reached XP level 5. HP: 36/41 MP: 5/5
  3706 | D:3      | Artagel: welp zerk
  3709 | D:3      | Artagel: :D
  3709 | D:3      | pls kids
  3709 | D:3      | not even once
  3863 | D:3      | Found a burning altar of Makhleb.
  3886 | D:3      | thegroundistoosoft: SLOW
  3886 | D:3      | thegroundistoosoft: EXP
  3972 | D:3      | Artagel: energy scumming
  3975 | D:3      | Artagel: go
  4195 | D:3      | thegroundistoosoft: makhpleb best god
  4195 | D:3      | thegroundistoosoft: I can't believe they really took away oka's sacs
  4195 | D:3      | thegroundistoosoft: well, I can
  4195 | D:3      | thegroundistoosoft: but wow
  4207 | D:3      | Reached skill level 6 in Unarmed Combat
  4274 | D:4      | SUSPICIOUS
  4368 | D:3      | Reached XP level 6. HP: 43/47 MP: 6/6
  4437 | D:4      | Found a staircase to the Ecumenical Temple.
  4497 | D:4      | Noticed an ogre
  4498 | D:4      | Noticed B1inky's ghost (average OpEn)
  4502 | D:4      | Artagel: well
  4502 | D:4      | Artagel: not like crawl development makes sense
  4525 | D:4      | Artagel: dont die to the corona
  4529 | D:4      | Artagel: !!
  4538 | D:4      | thegroundistoosoft: oh my god
  4538 | D:4      | thegroundistoosoft: I'm leading the ogre
  4538 | D:4      | thegroundistoosoft: to the stairs
  4538 | D:4      | thegroundistoosoft: D:
  4538 | D:4      | Artagel: to the chokepoint
  4538 | D:4      | Artagel: :D
  4830 | D:3      | CHECKMATE
  4832 | D:4      | Artagel: woah
  4832 | D:4      | :(
  4832 | D:4      | Artagel: we got a portal too?!
  4832 | D:4      | thegroundistoosoft: oh yeah you didn't see that?
  4836 | D:4      | Artagel: nah I missed that :<
  4839 | D:4      | thegroundistoosoft: so blink or fear
  4839 | D:4      | Artagel: how brave are you feeling
  4839 | D:4      | Artagel: ogre mr is shit isn't it? :D
  4839 | D:4      | thegroundistoosoft: well I'd like to kill both
  4839 | D:4      | thegroundistoosoft: oh yeah that's fore sure
  4840 | D:4      | Artagel: np
  4858 | D:4      | HP: 4/47 [B1inky's ghost (10)]
  4859 | D:4      | Artagel: how
  4859 | D:4      | Artagel: can a fucking open
  4860 | D:4      | Artagel: hit for 10
  4860 | D:4      | Artagel: in melee
  4860 | D:4      | thegroundistoosoft: we can dance
  4860 | D:4      | thegroundistoosoft: if we want to
  4860 | D:4      | Artagel: hmmm
  4860 | D:4      | thegroundistoosoft: the unknown
  4860 | D:4      | thegroundistoosoft: well
  4860 | D:4      | Artagel: it's still a bit harsh to use every crutch
  4860 | D:4      | thegroundistoosoft: it's better than the club
  4860 | D:4      | thegroundistoosoft: yes but unfortunately
  4860 | D:4      | Artagel: we dont get options
  4860 | D:4      | thegroundistoosoft: harsh is the name of the game
  4860 | D:4      | Artagel: might as well do it
  4881 | D:4      | Artagel: xD
  4884 | D:4      | Artagel: a wild mite appears
  4884 | D:4      | Noticed Sigmund
  4885 | D:4      | Artagel: HAHAHA
  4885 | D:4      | Artagel: ok
  4885 | D:4      | thegroundistoosoft: MAXIMUM PROPLAYING
  4909 | D:4      | Artagel: rip portal
  4909 | D:4      | HP: 4/47 [gnoll/spear (8)]
  4912 | D:4      | Artagel: oh wtf
  4913 | D:4      | Artagel: :DDD
  4913 | D:4      | thegroundistoosoft: don't you all think
  4913 | D:4      | thegroundistoosoft: that was a bit unnecessary
  4913 | D:4      | Artagel: well
  4913 | D:4      | Artagel: might as well go attempt 1.5
  4913 | D:4      | EXPERIENCE THE TEN THOUSAND DEATHS OF THE TRUE PHARAOH
  4913 | D:4      | Artagel: improved edition
  4913 | D:4      | Slain by a gnoll

Vanquished Creatures
  A goliath beetle (D:3)
  3 iron imps (D:3)
  9 adders
  2 gnolls (D:1)
  A worm (D:2)
  7 giant geckos
  4 oozes
  5 orcs
  3 giant cockroaches
  8 hobgoblins
  A quokka (D:3)
  9 bats
  12 giant newts
  4 goblins (D:3)
  9 kobolds
  7 rats
85 creatures vanquished.

Vanquished Creatures (others)
  A giant spore (D:4)
1 creature vanquished.

Grand Total: 86 creatures vanquished
